 Dungeon Crawl Stone Soup version 0.17.0-27-g4a3f43e (webtiles) character file.

241 septik the Digger (level 6, -2/32 HPs)
             Began as a Gargoyle Earth Elementalist on Nov 21, 2015.
             Slain by a worker ant (5 damage)
             ... on level 3 of the Dungeon.
             The game lasted 00:11:30 (3666 turns).

septik the Digger (Gargoyle Earth Elementalist)     Turns: 3666, Time: 00:11:30

Health: -2/32      AC:  8    Str: 11    XL:     6   Next: 8%
Magic:  4/13       EV: 12    Int: 18    God:
Gold:   198        SH:  0    Dex: 10    Spells: 1 memorised, 13 levels left

rFire  . . .     SeeInvis .     b - 68 stones
rCold  . . .     Clarity  .     a - +1 robe
rNeg   + . .     SustAt   .     (no shield)
rPois  ∞         Gourm    .     (no helmet)
rElec  +         Spirit   .     (no cloak)
rCorr  .         Warding  .     g - +0 pair of gloves
rMut   .         Stasis   .     (no boots)
MR     .....                    (no amulet)
Stlth  ++........               (no ring)
                                (no ring)

@: very slightly contaminated, not resistant to hostile enchantments, unstealthy
A: negative energy resistance 1, electricity resistance, unbreathing,
petrification resistance, rot immunity, AC +4
a: no special abilities


You were on level 3 of the Dungeon.
You were not hungry.

You visited 1 branch of the dungeon, and saw 4 of its levels.

You collected 198 gold pieces.

Inventory:

Hand Weapons
 h - a +0 blowgun
 r - a +2 quarterstaff of draining
Missiles
 b - 68 stones (in hand)
 m - 16 poisoned needles
 p - 8 javelins
Armour
 a - a +1 robe (worn)
 g - a +0 pair of gloves (worn)
 o - a +0 cloak
 t - a +1 scale mail of cold resistance
Jewellery
 i - an uncursed amulet of guardian spirit
Scrolls
 e - 2 scrolls of random uselessness
 s - a scroll of immolation {unknown}
 u - a scroll of recharging {unknown}
Potions
 j - 2 potions of resistance
 k - 2 potions of mutation
 l - 3 potions of agility
 q - a potion of curing {unknown}
 v - a potion of might {unknown}
Books
 c - a book of Geomancy

   Spells                             Type                      Level
   a - Sandblast                      Earth                        1
   b - Stoneskin                      Transmutation/Earth          2
   c - Passwall                       Transmutation/Earth          3
   d - Stone Arrow                    Conjuration/Earth            3
   e - Petrify                        Transmutation/Earth          4
   f - Lee's Rapid Deconstruction     Earth                        5
 n - a book of Transfigurations

   Spells                             Type                      Level
   a - Stoneskin                      Transmutation/Earth          2
   b - Irradiate                      Conjuration/Transmutation    5
   c - Statue Form                    Transmutation/Earth          6
   d - Hydra Form                     Transmutation                6
   e - Dragon Form                    Transmutation                7
Comestibles
 d - 2 chunks of flesh
 f - 2 bread rations
 w - a meat ration


   Skills:
 - Level 1.5 Dodging
 - Level 2.1 Stealth
 * Level 4.9 Spellcasting
   Level 0.7 Transmutations
 + Level 5.1 Earth Magic


You had 13 spell levels left.
You knew the following spells:

 Your Spells              Type           Power        Failure   Level  Hunger
a - Sandblast             Erth           ###...       1%          1    None


Dungeon Overview and Level Annotations

Branches:
Dungeon (4/15)
 Temple: D:4-7

Altars:
Qazlal
Lugonu

Portals:
Abyss: D:1


Innate Abilities, Weirdness & Mutations

You are resistant to torment.
Your stone body is resilient (AC +4).
You are immune to poison.
You resist negative energy.
You are resistant to electric shocks.
You can survive without breathing.
You are immune to petrification.
You are immune to rotting.


Message History

* * * LOW HITPOINT WARNING * * *
The adder bites you.
* * * LOW HITPOINT WARNING * * *
The adder bites you.
* * * LOW HITPOINT WARNING * * *
Some of the chunks of flesh in your inventory have rotted away.
The worker ant closely misses you.
There is a stone staircase leading up here.
The worker ant bites you but does no damage.
You climb upwards.
There is a stone staircase leading down here.
Casting: Sandblast
Confirm with . or Enter, or press ? or * to list all spells.
Aiming: Sandblast
Press: ? - help, Shift-Dir - straight line, f - worker ant
Aim: a worker ant (heavily wounded)
The rocky blast hits the worker ant.
The worker ant is heavily wounded.
The worker ant bites you.
You die...

#...#...# #.....#####
#...'...# #.....##...
#...#..÷# #.....##.##
#<..#<..#####.....##'##
#...##....÷...........#
#...+.................)
#...##.#..............#
######a#..............#
#@+..............'
###........##....#
#........##.[..#
############.... #....
#.... #.... #####


You could see a worker ant.

Vanquished Creatures
  Ijyb (D:3)
  An iguana (D:4)
  Jessica (D:3)
  2 worker ants (D:4)
  4 adders
  An ooze (D:3)
  2 giant geckos
  An orc (D:3)
  6 giant cockroaches
  10 hobgoblins
  4 jackals
  4 quokkas (D:3)
  A ball python (D:4)
  6 bats
  2 giant newts (D:1)
  4 goblins
  10 kobolds
  12 rats
72 creatures vanquished.

Notes
Turn   | Place    | Note
--------------------------------------------------------------
     0 | D:1      | septik the Gargoyle Earth Elementalist began the quest for the Orb.
     0 | D:1      | Reached XP level 1. HP: 10/10 MP: 3/3
    72 | D:1      | Found a corrupted altar of Lugonu.
    72 | D:1      | Found a one-way gate to the infinite horrors of the Abyss.
    72 | D:1      | Noticed an iron imp
    72 | D:1      | Noticed an iron imp
    72 | D:1      | Noticed a quasit
    72 | D:1      | Noticed a quasit
    72 | D:1      | Noticed a demonic crawler
    72 | D:1      | Noticed a quasit
    73 | D:1      | Noticed an iron imp
    77 | D:1      | Noticed an iron imp
    80 | D:1      | Noticed an iron imp
   218 | D:1      | Reached XP level 2. HP: 15/15 MP: 2/5
   728 | D:1      | Reached skill level 4 in Earth Magic
   855 | D:1      | Reached XP level 3. HP: 19/19 MP: 4/7
  1850 | D:2      | Found a stormy altar of Qazlal.
  2051 | D:2      | Reached XP level 4. HP: 17/24 MP: 6/9
  2824 | D:3      | Noticed Jessica
  2886 | D:3      | Killed Jessica
  2994 | D:3      | Found a faded altar to an unknown god.
  3041 | D:3      | Reached XP level 5. HP: 25/28 MP: 11/11
  3161 | D:3      | Noticed Ijyb
  3234 | D:3      | Killed Ijyb
  3416 | D:4      | Reached skill level 5 in Earth Magic
  3646 | D:4      | Reached XP level 6. HP: 17/32 MP: 6/13
  3666 | D:3      | Slain by a worker ant

Action                   |  1- 3 |  4- 6 || total
-------------------------+-------+-------++-------
Melee: Unarmed           |    13 |       ||    13
       Club              |    36 |    15 ||    51
       Quarterstaff      |       |    80 ||    80
Throw: Stone             |     9 |     1 ||    10
 Cast: Sandblast         |    57 |    35 ||    92
  Use: Scroll            |       |     7 ||     7
 Stab: Sleeping          |     1 |       ||     1
  Eat: Bread ration      |     1 |       ||     1
       Chunk             |       |     5 ||     5
